 Dungeon Crawl Stone Soup version 0.29-a0-418-gc0181ea820 (webtiles) character file.

Game seed: 1054137465418671227

3717 hquester the Schismatic (level 9, -2/69 HPs)
             Began as a Demonspawn Abyssal Knight on May 17, 2022.
             Was an Elder of Lugonu.
             Slain by a gnoll
             ... wielding a +0 trident
              (3 damage)
             ... in a bailey.
             The game lasted 00:35:50 (9320 turns).

hquester the Schismatic (Demonspawn Abyssal Knight) Turns: 9320, Time: 00:35:51

Health: -2/69      AC: 11    Str: 15    XL:     9   Next: 92%
Magic:  14/14      EV: 12    Int: 11    God:    Lugonu [****..]
Gold:   322        SH:  0    Dex: 14    Spells: 12/12 levels left

rFire   + . .      SeeInvis .   f - +3 dagger (speed)
rCold   . . .      Faith    .   (no shield)
rNeg    . . .      Spirit   .   o - +0 chain mail
rPois   .          Reflect  .   (helmet restricted)
rElec   .          Harm     .   (no cloak)
rCorr   .          Rampage  .   (no gloves)
Will    ++...      Rage     50% c - +0 pair of boots
Stlth   ..........              s - necklace of Bloodlust {*Rage Will++ Int-3 Slay+6}
HPRegen 0.21/turn               u - +4 ring of evasion
MPRegen 0.14/turn               x - ring of protection from fire

@: on berserk cooldown, hasted and slowed, invisible
A: antennae 1, claws 2, foul stench 2, weakness stinger 2
a: Renounce Religion, Depart the Abyss, Bend Space, Banish, Corrupt


You were in a bailey.
You worshipped Lugonu.
Lugonu was greatly pleased with you.
You visited 1 branch of the dungeon, and saw 8 of its levels.
You visited the Abyss 1 time.
You also visited: Bailey.

You collected 322 gold pieces.

Inventory:

Hand Weapons
 a - a +1 short sword
 f - a +3 dagger of speed (weapon)
 r - a +1 vampiric dagger
Missiles
 A - a throwing net
Armour
 c - a +0 pair of boots (worn)
 g - a +0 pair of boots
 o - a +0 chain mail (worn)
Jewellery
 b - an amulet of guardian spirit
 s - the necklace of Bloodlust (around neck) {*Rage Will++ Int-3 Slay+6}
   (You found it on level 7 of the Dungeon)

   [amulet of nothing]

   It extends the wearer's berserk rage when killing foes.
   Int:       It affects your intelligence (-3).
   Slay:      It affects your accuracy & damage with ranged weapons and melee
   (+6).
   *Rage:     It berserks you when you make melee attacks (+50% chance).
   Will:      It greatly increases your willpower.
 u - a +4 ring of evasion (left claw)
 x - a ring of protection from fire (right claw)
 z - a ring of fire
Wands
 m - a wand of iceblast (6)
 p - a wand of acid (6)
Scrolls
 i - a scroll of blinking
 k - 3 scrolls of teleportation
 n - 3 scrolls of immolation
 v - a scroll of amnesia
 y - a scroll of fog
Potions
 d - 2 potions of resistance
 e - a potion of invisibility
 h - a potion of berserk rage {unknown}
 j - 3 potions of lignification
 l - 2 potions of mutation
 t - a potion of might {unknown}
 w - a potion of heal wounds {unknown}


   Skills:
 + Level 5.8 Fighting
 + Level 4.9 Short Blades
 + Level 4.9 Armour
 + Level 4.7 Dodging
 * Level 6.5 Stealth
 + Level 3.9 Unarmed Combat
 - Level 2.1 Spellcasting
 + Level 7.1 Invocations


You had 12 spell levels left.
You didn't know any spells.
Your spell library contained the following spells:

 Spells                   Type           Power      Damage    Failure   Level
 Sublimation of Blood     Necr           1%         N/A       100%        2
 Wereblood                Tmut           1%         N/A       100%        2
 Frozen Ramparts          Ice            2%         1d2       100%        3
 Ozocubu's Armour         Ice            1%         N/A       100%        3
 Stone Arrow              Conj/Erth      2%         3d7       100%        3
 Animate Armour           Summ/Erth      2%         N/A       100%        4
 Ice Form                 Ice/Tmut       1%         N/A       100%        4
 Summon Ice Beast         Ice/Summ       1%         N/A       100%        4
 Blade Hands              Tmut           0%         N/A       100%        5
 Irradiate                Conj/Tmut      0%         3d13      100%        5
 Dragon Form              Tmut           0%         N/A       100%        7
 Ozocubu's Refrigeration  Ice            0%         4d5       100%        7
 Summon Hydra             Summ           0%         N/A       100%        7
 Lehudib's Crystal Spear  Conj/Erth      0%         10d2      100%        8


Dungeon Overview and Level Annotations

Branches:
Dungeon (8/15)             Temple (0/1) D:6          Bailey (1/1)
   Lair: D:8-11

Altars:
Elyvilon
Nemelex Xobeh
Uskayaw
Zin


Innate Abilities, Weirdness & Mutations

You have a pair of small antennae on your head.
You have very sharp fingernails.
You sometimes emit foul miasma when damaged in melee.
You have a tail ending in a sharp stinger.


Message History

The mass of ice explodes!
The iceblast engulfs the gnoll shaman!
The gnoll shaman is moderately wounded.
The iceblast engulfs the gnoll sergeant!
The gnoll sergeant is moderately wounded.
You hear a shout!
You hear a howl!
You hear a shout!
You hear a howl! x2
You hear a shout! x3; You hear a howl!
You hear a shout! x2
You hear a howl!
The gnoll shaman hits you from afar with a +0 trident.
The gnoll sergeant misses you. The gnoll shaman closely misses you.
You hear a shout! x3
The gnoll shaman calls upon its god to speed up the gnoll.
The gnoll seems to speed up.
The gnoll sergeant misses you.
The gnoll sergeant hits you from afar with a +0 glaive!!
The gnoll shaman closely misses you.
The gnoll sergeant hits you from afar with a +0 glaive.
The gnoll hits you but does no damage. The gnoll sergeant misses you.
The gnoll sergeant completely misses you.
The gnoll closely misses you.
The gnoll shaman hits you but does no damage.
The gnoll sergeant hits you with a +0 glaive!
* * * LOW HITPOINT WARNING * * *
The gnoll hits you but does no damage. The gnoll barely misses you.
You fade into invisibility!
The gnoll hits you from afar with a +0 trident.
* * * LOW HITPOINT WARNING * * *
The gnoll shaman hits you from afar with a +0 trident!
* * * LOW HITPOINT WARNING * * *
The gnoll sergeant barely misses you. The gnoll barely misses you. x2
The gnoll throws a throwing net.
The throwing net closely misses the gnoll.
The throwing net hits the gnoll sergeant.
The gnoll sergeant is caught in the net!
The gnoll shaman barely misses you.
The gnoll hits you from afar with a +0 spear.
* * * LOW HITPOINT WARNING * * *
The gnoll sergeant struggles against the net.
It was a potion of haste.
You feel yourself speed up.
The gnoll hits you from afar with a +0 trident.
You die...

#∩..∩..)...'.).'...8..
#♣♣♣..†....'...#...$..
♣♣...≈..##### .....
♣♣..≈..#{ ...#
♣..≈..#{ ### ♣..≈gg#{
♣♣.≈gg# ♣.≈gg###
♣♣≈≈.@.# ♣♣≈≈≈≈≈≈≈≈≈≈≈
♣♣♣♣♣♣♣♣♣♣♣♣


You could see a gnoll sergeant (caught), a gnoll shaman (can't see you) and 4
gnolls.

Vanquished Creatures
  A deep elf pyromancer (D:7)
  Prince Ribbit (D:5)
  5 yaks (D:8)
  A steam dragon (D:6)
  Menkaure (D:5)
  3 black bears
  Duvessa (D:5)
  An ice beast (D:7)
  2 sky beasts
  An ogre (D:4)
  2 phantoms
  A gnoll sergeant (Bailey)
  A bullfrog (D:8)
  4 necrophages
  2 scorpions (D:7)
  Dowan (D:5)
  4 hounds
  3 orc priests
  A gnoll shaman (D:4)
  5 iguanas
  4 orc wizards
  6 gnolls
  3 adders
  A river rat (D:6)
  A shadow imp (D:6)
  2 white imps (D:7)
  2 ufetubi (D:6)
  4 worms
  4 dart slugs
  14 orcs
  7 bats
  3 endoplasms (D:4)
  6 giant cockroaches
  5 goblins
  9 hobgoblins
  3 jackals
  10 kobolds
  3 quokkas
  9 ball pythons
  12 frilled lizards
  7 rats
156 creatures vanquished.

Vanquished Creatures (others)
  2 orcs (D:7)
2 creatures vanquished.

Grand Total: 158 creatures vanquished

Notes
Turn   | Place    | Note
-------+----------+-------------------------------------------
     0 | Abyss:1  | hquester the Demonspawn Abyssal Knight began the quest for
                  | the Orb.
     0 | Abyss:1  | Reached XP level 1. HP: 18/18 MP: 2/2
    31 | D:1      | Escaped the Abyss
    93 | D:1      | Reached skill level 1 in Dodging
   413 | D:1      | Gained mutation: You may rarely emit foul miasma when
                  | damaged in melee. [demonic ancestry]
   413 | D:1      | Reached XP level 2. HP: 23/24 MP: 4/4
   604 | D:1      | Reached skill level 3 in Invocations
  1024 | D:2      | Discovered your monstrous ancestry.
  1024 | D:2      | Gained mutation: You have a small tail. [demonic ancestry]
  1024 | D:2      | Reached XP level 3. HP: 21/29 MP: 5/5
  1054 | D:2      | Reached *** piety under Lugonu
  1718 | D:2      | Found a faded altar of an unknown god.
  1850 | D:3      | Found a sparkling altar of Nemelex Xobeh.
  2098 | D:3      | Reached XP level 4. HP: 35/35 MP: 6/6
  2373 | D:3      | Reached skill level 1 in Spellcasting
  2385 | D:3      | Reached skill level 1 in Stealth
  2901 | D:4      | Noticed a black bear
  2919 | D:4      | Killed a black bear
  2920 | D:4      | Gained mutation: You sometimes emit foul miasma when
                  | damaged in melee. [demonic ancestry]
  2920 | D:4      | Reached XP level 5. HP: 5/41 MP: 7/7
  3255 | D:4      | Noticed a black bear
  3273 | D:4      | Killed a black bear
  3274 | D:4      | Reached skill level 4 in Invocations
  3274 | D:4      | Gained mutation: You have sharp fingernails. [demonic
                  | ancestry]
  3274 | D:4      | Reached XP level 6. HP: 31/48 MP: 7/9
  3401 | D:4      | Reached **** piety under Lugonu
  3714 | D:4      | Upgraded the game from 0.29-a0-416-g83a48905f1 to
                  | 0.29-a0-418-gc0181ea820
  4048 | D:4      | Reached skill level 1 in Unarmed Combat
  4048 | D:4      | Gained mutation: You have very sharp fingernails. [demonic
                  | ancestry]
  4048 | D:4      | Reached XP level 7. HP: 33/54 MP: 10/10
  4299 | D:5      | Entered Level 5 of the Dungeon
  4736 | D:6      | Found a staircase to the Ecumenical Temple.
  5718 | D:5      | Found a hide-covered altar of Uskayaw.
  5984 | D:5      | Noticed Duvessa
  5995 | D:5      | Noticed Dowan
  5996 | D:5      | Reached skill level 5 in Invocations
  6014 | D:5      | Killed Duvessa
  6015 | D:5      | Gained mutation: You have a pair of small antennae on your
                  | head. [demonic ancestry]
  6015 | D:5      | Reached XP level 8. HP: 37/61 MP: 11/11
  6046 | D:5      | Killed Dowan
  6337 | D:5      | Noticed Menkaure
  6356 | D:5      | Killed Menkaure
  6632 | D:5      | Noticed Prince Ribbit
  6648 | D:5      | Killed Prince Ribbit
  7581 | D:6      | Reached skill level 5 in Fighting
  7896 | D:7      | Noticed a deep elf pyromancer
  7911 | D:7      | Killed a deep elf pyromancer
  7912 | D:7      | Reached skill level 5 in Stealth
  7912 | D:7      | Reached skill level 6 in Invocations
  7912 | D:7      | Gained mutation: You have a tail ending in a sharp stinger.
                  | [demonic ancestry]
  7912 | D:7      | Reached XP level 9. HP: 58/68 MP: 10/13
  8472 | D:7      | Found the necklace of Bloodlust {*Rage Will++ Int-3 Slay+6}
  9146 | D:8      | Reached skill level 7 in Invocations
  9163 | D:8      | Found a flagged portal.
  9176 | Bailey   | Entered a bailey
  9319 | Bailey   | HP: 3/69 [gnoll shaman/+0 trident (7)]
  9319 | Bailey   | HP: 1/69 [gnoll/+0 spear (2)]
  9320 | Bailey   | Slain by a gnoll

Illustrated notes

Levels and vault maps discovered:
D:1:      dpeg_arrival_arbitrary_a, layout_loops_ring, minmay_pentomino_p4
D:2:      wad_pebble_path, layout_rooms, shapermc_ecumenical_altar_notcrosses,
          minmay_lizard_pond
D:3:      layout_loops_ring, mainiacjoe_overflow_chevrons
D:4:      minmay_diamond_boxcup, layout_cave_pools,
          nicolae_elyvilon_peaceful_grove, corexii_checkpoint_a, minmay_ruptured
D:5:      layout_cave_pods, nicolae_overflow_hidden_temple, uniq_menkaure,
          uniq_duvessa, uniq_prince_ribbit1
D:6:      layout_rooms, minmay_temple_entry_gardened_gates,
          gup_sewer_entry_spiral
D:7:      layout_layer_cave, minmay_misc_feat_chi, nicolae_wand_duel,
          kennysheep_cross_room
D:8:      layout_rooms, enter_bailey_2
Bailey:   bailey_polearm_gnolls_kennysheep, bailey

Skill      XL: |  1  2  3  4  5  6  7  8  9 |
---------------+----------------------------+-----
Dodging        | 1 2 3 4 |  4.7
Invocations    | 3 4 5 6 7 |  7.1
Armour         | 2 3 4 |  4.9
Short Blades   | 2 3 4 |  4.9
Spellcasting   | 1 2 |  2.1
Stealth        | 1 2 3 5 6 |  6.5
Fighting       | 4 5 |  5.8
Unarmed Combat | 1 3 |  3.9

Action                   |  1- 3 |  4- 6 |  7- 9 || total
-------------------------+-------+-------+-------++-------
Melee: Short sword       |    12 |       |       ||    12
       Dagger            |   185 |   140 |   526 ||   851
       Punch             |     2 |     2 |    11 ||    15
       Tailslap          |    14 |    17 |    78 ||   109
Evoke: Wand              |       |       |     1 ||     1
  Use: Scroll            |       |       |    15 ||    15
       Potion            |       |       |     2 ||     2
Armor: Leather armour    |     7 |       |       ||     7
       Scale mail        |    70 |     2 |       ||    72
       Chain mail        |       |    66 |   158 ||   224
Dodge: Dodged            |    83 |    40 |   203 ||   326

Table legend: (Time is in decaauts)
 A = Elapsed time spent in this place.
 B = Non-inter-level travel time spent in this place.
 C = Inter-level travel time spent in this place.
 D = Time resting spent in this place.
 E = Time spent auto-exploring this place.
 F = Levels seen in this place.
 G = Mean time per level.
                   A        B        C        D        E       F      G
               +--------+--------+--------+--------+--------+-----+--------+
         Total |   9035 |   8730 |    305 |   1220 |   5502 |  10 |  903.5 |
       Dungeon |   8856 |   8551 |    305 |   1159 |   5441 |   8 | 1107.0 |
         Abyss |     31 |     31 |      0 |      0 |     26 |   1 |   31.0 |
        Bailey |    148 |    148 |      0 |     61 |     35 |   1 |  148.0 |
               +--------+--------+--------+--------+--------+-----+--------+

Top non-repeatable levels by time:
     D:5: 1555 daAuts
     D:6: 1448 daAuts
     D:4: 1445 daAuts
     D:7: 1312 daAuts
     D:3: 985 daAuts
     D:1: 946 daAuts
     D:2: 755 daAuts
     D:8: 407 daAuts
  Bailey: 148 daAuts
 Abyss:1: 31 daAuts
